 Dungeon Sprint DCSS version 0.29-a0-870-g2c972031a6 (webtiles) character file.

Game seed: 15950572678793316512

139531 manyhoops the Middleweight Champion (level 17, -18/286 HPs)
             Began as a Human Berserker on July 17, 2022.
             Was a High Priest of Trog.
             Killed from afar by Gloorx Vloq (26 damage)
             ... with a foul vapour
             ... in the Dungeon (Sprint II: "The Violet Keep of Menkaure").
             The game lasted 00:26:36 (3214 turns).

manyhoops the Middleweight Champion (HuBe)          Turns: 3214, Time: 00:26:37

Health: -18/286    AC: 49    Str: 25    XL:     17   Next: 89%
Magic:  17/17      EV:  8    Int: 11    God:    Trog [*****.]
Gold:   2994       SH:  0    Dex: 17    Spells: 16/16 levels left

rFire   + . .      SeeInvis .     - Unarmed
rCold   + . .      Faith    .   (no shield)
rNeg    . . .      Spirit   .   B - +8 orange crystal plate armour {Archmagi, Int+3 Clar}
rPois   +          Reflect  .   k - +2 hat {Stlth+}
rElec   .          Harm     .   F - +2 cloak {Stlth+}
rCorr   +          Rampage  .   c - -2 pair of gloves "Fetegep" {+Inv rPois Slay+3}
Will    +++..      Archmagi +   d - +2 pair of boots of Sif Muna's Regard {rC+ Str+4}
Stlth   .......... Clarity  +   H - amulet "Huryfrer" {rF+ Regen+ rCorr}
HPRegen 2.37/turn  NoTele   +   z - ring of flight
MPRegen 0.15/turn               (no ring)

@: mighty, berserking (expiring), lethally poisoned (-18 -> -52), strong-willed
(expiring), flying, regenerating (expiring), slowed, studying Staves
A: claws 1, iridescent scales 1, robust 1
a: Renounce Religion, Evoke Invisibility, Berserk, Trog's Hand, Brothers in Arms


You were in the Dungeon.
You worshipped Trog.
Trog was extremely pleased with you.
You visited 1 branch You collected 6405 gold pieces.
You spent 3411 gold pieces at shops.

Inventory:

Hand Weapons
 i - a +2 great sword of flaming
Armour
 a - a +0 animal skin
 c - the -2 pair of gloves "Fetegep" (worn) {+Inv rPois Slay+3}
   (You bought it in a shop in the Dungeon)

   Slay:      It affects your accuracy & damage with ranged weapons and melee
   (+3).
   rPois:     It protects you from poison.
   +Inv:      It lets you turn invisible.
 d - the +2 pair of boots of Sif Muna's Regard (worn) {rC+ Str+4}
   (You bought it in a shop in the Dungeon)

   Str:       It affects your strength (+4).
   rC:        It protects you from cold.
 h - the +7 chain mail "Ociasot" {MP+9}
   (You bought it in a shop in the Dungeon)

   MP:        It affects your magic capacity (+9).
 k - a +2 hat of stealth (worn)
 l - a +2 hat
 B - the +8 orange crystal plate armour (worn) {Archmagi, Int+3 Clar}
   (You acquired it in the Dungeon)

   Int:       It affects your intelligence (+3).
   Clar:      It protects you against confusion.
 E - a +1 cloak
 F - a +2 cloak of stealth (worn)
 G - +0 gold dragon scales
Jewellery
 t - a ring of magical power
 z - a ring of flight (left hand)
 C - an amulet of faith
 D - the ring "Razeesh" {Int+6 Dex+4 Stlth+}
   (You acquired it in the Dungeon)

   [ring of intelligence]

   Int:       It affects your intelligence (+6).
   Dex:       It affects your dexterity (+4).
   Stlth:     It makes you more stealthy.
 H - the amulet "Huryfrer" (around neck) {rF+ Regen+ rCorr}
   (You found it in the Dungeon)

   [amulet of regeneration]

   rF:        It protects you from fire.
   Regen:     It increases your rate of health regeneration.
   rCorr:     It protects you from acid and corrosion.
Scrolls
 g - 2 scrolls of blinking
 j - 2 scrolls of vulnerability
 m - a scroll of fog
 o - 3 scrolls of summoning
 p - a scroll of fear
 w - a scroll of poison
 y - 6 scrolls of identify
 I - a scroll of amnesia {unknown}
Potions
 b - 5 potions of curing
 e - 14 potions of magic
 f - 2 potions of berserk rage
 n - 14 potions of flight
 q - 3 potions of resistance
 r - 22 potions of mutation
 s - 4 potions of heal wounds
 u - 4 potions of attraction
 v - a potion of ambrosia
 x - 2 potions of might
 A - 7 potions of haste


   Skills:
 O Level 27 Fighting
 + Level 23.9 Armour
 - Level 2.0 Dodging
 O Level 27 Unarmed Combat


You had 16 spell levels left.
You didn't know any spells.
Your spell library was empty.

Dungeon Overview and Level Annotations

Branches:
Dungeon (1/1)

Altars:
Cheibriados
Dithmenos
Elyvilon
Fedhas
Gozag
Hepliaklqana
Kikubaaqudgha
Makhleb
Nemelex Xobeh
Okawaru
Qazlal
Ru
Sif Muna
Trog
Uskayaw
Vehumet
Wu Jian
Xom
Yredelemnul
Zin
The Shining One
Jiyva
Lugonu

Shops:
D ==[::[?:=?**:!!?:[!*([[!?[?[=[?::(![

Annotations:
D exclusion: orange crystal statue, Gloorx Vloq


Innate Abilities, Weirdness & Mutations

You have sharp fingernails.
You are partially covered in iridescent scales. (AC +2)
You are robust. (+10% HP)


Message History

* * * LOW HITPOINT WARNING * * *
The Executioner hits you but does no damage. x3
You punch Gloorx Vloq!
Gloorx Vloq is severely wounded.
You are engulfed in dark miasma.
You are more poisoned.
* * * LOW HITPOINT WARNING * * *
x2 You feel extremely sick.
The Executioner hits you but does no damage.
The Executioner barely misses you.
The Executioner hits you but does no damage. x5
The Executioner closely misses you.
The Executioner hits you but does no damage.
Gloorx Vloq closely misses you.
You pummel Gloorx Vloq!!
Gloorx Vloq is almost dead.
* * * LOW HITPOINT WARNING * * *
You feel very sick.
The Executioner hits you but does no damage. x5
The Executioner closely misses you. Gloorx Vloq gestures at you.
The poison arrow hits you!
You are lethally poisoned!
You partially resist.
* * * LOW HITPOINT WARNING * * *
The Executioner hits you but does no damage.
The Executioner closely misses you.
The Executioner hits you but does no damage.
You punch Gloorx Vloq!
Gloorx Vloq is almost dead.
You feel the effects of Trog's Hand fading.
* * * LOW HITPOINT WARNING * * *
You feel extremely sick.
The Executioner hits you but does no damage.
The Executioner closely misses you.
The Executioner hits you but does no damage. x7
Gloorx Vloq gestures at you. The foul vapour engulfs you!!
You feel as though you will be slow longer.
You die...

.......)##§≈§§≈≈§##[≈^....#.#...▓
#######)≈#+++#+++#####....#.##)°▓
######)≈≈...))....#.$'....#..#:}▓
.....#≈≈≈≈.##[##..#..####.#..#=|▓
∩....#≈≈≈≈##)#.##.####$.'1##&#°}▓
.∩...#≈≈≈≈#..#..#....#..#)..####▓
∩.∩..#≈≈.####.#####..#####..##.#▓
.∩.⌠.#≈#..###'###&##..#..'..#..#▓
∩.∩..#≈#.#.##.##@#)#..#.)#.1#..#▓
.....'≈'.##'.°°11##'..####..##.#▓
∩....#≈#.#.##°##°°##.1..###^&.##▓
▓▓▓###≈#..###'###°##...1§.≈≈≈≈≈≈≈
######≈≈.###..)####≈≈.....≈#+####
#..'.##≈≈≈#..#..#≈§≈§≈≈≈..≈#_._..
†..#'##'#≈##.≈.##≈≈§≈≈§≈≈.≈#._._.
#.##°##.#≈≈##'##≈≈§≈≈≈≈≈§≈≈#_._._
###.○.####≈≈≈≈≈§§§§§§≈§≈§§≈#._._.


You could see Gloorx Vloq and 2 Executioners.

Vanquished Creatures
  2 golden dragons (D)
  A bone dragon (D)
  An electric golem (D)
  A hellephant (D)
  3 quicksilver dragons (D)
  A deep elf blademaster (D)
  Murray (D)
  A deep elf master archer (D)
  A kraken (D)
  2 sphinxes (D)
  Kirke (D)
  Gastronok (D)
  2 storm dragons (D)
  Roxanne (D)
  A frost giant (D)
  An orc warlord (D)
  A cacodemon (D)
  A dire elephant (D)
  3 lorocyprocas (D)
  An iron golem (D)
  A fire dragon (D)
  A crystal guardian (D)
  A deep elf high priest (D)
  A yaktaur captain (D)
  An ice dragon (D)
  A centaur warrior (D)
  An iron elemental (D)
  A hell hog (D)
  A slime creature (D)
  A death yak (D)
  Sonja (D)
  3 sixfirhies (D)
  2 deep trolls (D)
  A skeletal warrior (D)
  2 death drakes (D)
  An obsidian statue (D)
  A glowing orange brain (D)
  A harpy (D)
  10 shining eyes (D)
  An oklob plant (D)
  3 orc sorcerers (D)
  An elephant (D)
  2 manticores (D)
  An ice statue (D)
  3 toenail golems (D)
  An eye of devastation (D)
  A merfolk siren (D)
  2 unseen horrors (D)
  2 cane toads (D)
  A kobold demonologist (D)
  A yaktaur (D)
  5 polar bears (D)
  A hornet (D)
  6 flying skulls (D)
  7 wyverns (D)
  A vampire mosquito (D)
  2 redbacks (D)
  4 neqoxecs (D)
  8 water moccasins (D)
  2 swamp drakes (D)
  2 earth elementals (D)
  A necrophage (D)
  4 scorpions (D)
  4 lava snakes (D)
  A jelly (D)
  4 orc priests (D)
  An iron imp (D)
  A spectral adder (D)
  A spectral giant cockroach (D)
  A ballistomycete spore (D)
  A tentacle (D)
135 creatures vanquished.

Vanquished Creatures (collateral kills)
  the Lernaean hydra (D)
  A draconian shifter (D)
  Nessos (D)
  A great orb of eyes (D)
  A hell hog (D)
  A manticore (D)
  5 shining eyes (D)
  10 floating eyes (D)
  A tentacle (D)
22 creatures vanquished.

Vanquished Creatures (others)
  A golden eye (D)
  Menkaure (D)
  A ballistomycete spore (D)
  28 tentacles (D)
31 creatures vanquished.

Grand Total: 188 creatures vanquished

Notes
Turn   | Place    | Note
-------+----------+-------------------------------------------
     0 | D        | manyhoops the Human Berserker began the quest for the Orb.
     0 | D        | Reached XP level 1. HP: 18/18 MP: 1/1
     1 | D        | Noticed a scorpion
     1 | D        | Noticed a scorpion
     4 | D        | Killed a scorpion
     5 | D        | Reached skill level 5 in Fighting
     5 | D        | Reached skill level 5 in Unarmed Combat
     5 | D        | Reached XP level 2. HP: 28/28 MP: 2/2
     5 | D        | Reached XP level 3. HP: 34/34 MP: 3/3
     5 | D        | Reached XP level 4. HP: 40/40 MP: 4/4
     7 | D        | Killed a scorpion
     8 | D        | Reached XP level 5. HP: 38/48 MP: 5/5
    26 | D        | Reached ** piety under Trog
    39 | D        | Reached XP level 6. HP: 11/57 MP: 6/6
   164 | D        | Noticed a wyvern
   164 | D        | Noticed a wyvern
   170 | D        | Killed a wyvern
   171 | D        | Reached skill level 10 in Unarmed Combat
   171 | D        | Reached XP level 7. HP: 55/65 MP: 7/7
   178 | D        | Killed a wyvern
   179 | D        | Reached skill level 10 in Fighting
   188 | D        | Killed Menkaure
   290 | D        | Noticed a neqoxec
   290 | D        | Noticed a neqoxec
   290 | D        | Noticed a neqoxec
   290 | D        | Noticed a neqoxec
   291 | D        | Gained mutation: You are weak. (Str -2) [a neqoxec]
   296 | D        | Killed a neqoxec
   296 | D        | Reached *** piety under Trog
   303 | D        | Killed a neqoxec
   304 | D        | Reached XP level 8. HP: 48/75 MP: 8/8
   310 | D        | Gained mutation: Your spells are a little easier to cast,
                  | but a little less powerful. [a neqoxec]
   517 | D        | Noticed a merfolk siren
   534 | D        | Killed a merfolk siren
   534 | D        | Reached **** piety under Trog
   535 | D        | Reached XP level 9. HP: 18/83 MP: 9/9
   559 | D        | Found Zavalev's Antique Armour Boutique.
   559 | D        | Found Plog's Jewellery Boutique.
   559 | D        | Found Kalyfim's Magic Scroll Shop.
   560 | D        | Found Tuyceoxa's Antique Armour Shop.
   560 | D        | Found Lyzycoul's Antique Weapon Shop.
   560 | D        | Found Tool's General Store.
   560 | D        | Found Ryonaep's Distillery.
   560 | D        | Found Coryudol's Antique Armour Boutique.
   561 | D        | Found Macen's Distillery.
   561 | D        | Found Puanodak's Book Shop.
   562 | D        | Found Geblu's Distillery.
   562 | D        | Noticed a shining eye
   563 | D        | Found Paotulol's Jewellery Boutique.
   563 | D        | Found Oxkovusa's Book Shop.
   563 | D        | Noticed a shining eye
   563 | D        | Noticed a shining eye
   563 | D        | Noticed an oklob plant
   571 | D        | Found Lutyiruo's Antique Armour Boutique.
   571 | D        | Found Tetili's Book Shoppe.
   575 | D        | Bought a pair of spiked gloves for 256 gold pieces
   575 | D        | Identified the -2 pair of gloves "Fetegep" {+Inv rPois
                  | Slay+3} (You bought it in a shop in the Dungeon)
   581 | D        | Bought a pair of distressingly furry boots for 285 gold
                  | pieces
   581 | D        | Identified the +2 pair of boots of Sif Muna's Regard {rC+
                  | Str+4} (You bought it in a shop in the Dungeon)
   581 | D        | Bought a scorched chain mail for 285 gold pieces
   581 | D        | Identified the +7 chain mail "Ociasot" {MP+9} (You bought
                  | it in a shop in the Dungeon)
   598 | D        | Bought a scroll of blinking for 97 gold pieces
   619 | D        | Found an iron altar of Okawaru.
   619 | D        | Found a radiant altar of Vehumet.
   619 | D        | Found a glowing silver altar of Zin.
   620 | D        | Found a sparkling altar of Nemelex Xobeh.
   620 | D        | Found a hide-covered altar of Uskayaw.
   620 | D        | Found a basalt altar of Yredelemnul.
   621 | D        | Found an opulent altar of Gozag.
   621 | D        | Found a burning altar of Makhleb.
   621 | D        | Found a bloodstained altar of Trog.
   621 | D        | Found a shimmering altar of Xom.
   622 | D        | Found a blossoming altar of Fedhas.
   622 | D        | Found a corrupted altar of Lugonu.
   622 | D        | Found a shimmering blue altar of Sif Muna.
   622 | D        | Found a glowing golden altar of the Shining One.
   622 | D        | Found an ornate altar of the Wu Jian Council.
   624 | D        | Found a white marble altar of Elyvilon.
   624 | D        | Found an ancient bone altar of Kikubaaqudgha.
   624 | D        | Found a sacrificial altar of Ru.
   624 | D        | Noticed a polar bear
   624 | D        | Noticed a polar bear
   624 | D        | Noticed a polar bear
   641 | D        | Killed a polar bear
   642 | D        | Reached skill level 5 in Armour
   647 | D        | Killed a polar bear
   651 | D        | Killed a polar bear
   656 | D        | Noticed a hornet
   656 | D        | Noticed a yaktaur
   665 | D        | Killed a hornet
   670 | D        | Killed a yaktaur
   670 | D        | Reached ***** piety under Trog
   671 | D        | Reached skill level 10 in Armour
   681 | D        | Found a shadowy altar of Dithmenos.
   681 | D        | Found a viscous altar of Jiyva.
   682 | D        | Found a snail-covered altar of Cheibriados.
   693 | D        | Noticed a kraken
   703 | D        | Reached skill level 15 in Unarmed Combat
   710 | D        | Received a gift from Trog
   713 | D        | Reached XP level 10. HP: 75/91 MP: 10/10
   722 | D        | Found a hazy altar of Hepliaklqana.
   728 | D        | Found a stormy altar of Qazlal.
   959 | D        | Noticed a deep troll
   965 | D        | Noticed a deep troll
   969 | D        | Killed a deep troll
   971 | D        | Killed a deep troll
  1021 | D        | Noticed a sphinx
  1021 | D        | Noticed a sphinx
  1029 | D        | Killed a sphinx
  1037 | D        | Killed a sphinx
  1038 | D        | Reached XP level 11. HP: 96/96 MP: 11/11
  1084 | D        | Noticed Roxanne
  1107 | D        | Killed Roxanne
  1136 | D        | Bought a +2 hat for 208 gold pieces
  1144 | D        | Bought a potion of heal wounds for 60 gold pieces
  1149 | D        | Bought a potion of might for 56 gold pieces
  1158 | D        | Bought a scroll of blinking for 97 gold pieces
  1158 | D        | Bought a scroll of identify for 26 gold pieces
  1196 | D        | Noticed an orc warlord
  1203 | D        | Noticed a toenail golem
  1205 | D        | Noticed a toenail golem
  1205 | D        | Noticed the 27-headed Lernaean hydra
  1262 | D        | Killed a shining eye
  1267 | D        | Reached ****** piety under Trog
  1269 | D        | Killed a shining eye
  1273 | D        | Killed a shining eye
  1277 | D        | Killed an oklob plant
  1277 | D        | Received a gift from Trog
  1328 | D        | Killed an orc warlord
  1337 | D        | Killed a toenail golem
  1338 | D        | Reached XP level 12. HP: 85/103 MP: 12/12
  1351 | D        | Killed the 26-headed Lernaean hydra
  1357 | D        | Identified 4 scrolls of acquirement
  1357 | D        | Acquired a manual of Fighting
  1359 | D        | Acquired a manual of Fighting
  1361 | D        | Acquired a manual of Fighting
  1363 | D        | Acquired the +8 orange crystal plate armour {Archmagi,
                  | Int+3 Clar}
  1363 | D        | Found the +8 orange crystal plate armour {Archmagi, Int+3
                  | Clar}
  1377 | D        | Found Hiwostra's Magic Scroll Shoppe.
  1382 | D        | Bought a scroll of magic mapping for 75 gold pieces
  1405 | D        | Found Weal's Book Boutique.
  1405 | D        | Found Jaomeff's Book Shoppe.
  1421 | D        | Bought a scroll of identify for 20 gold pieces
  1421 | D        | Bought a scroll of identify for 20 gold pieces
  1421 | D        | Bought a scroll of identify for 20 gold pieces
  1474 | D        | Noticed Kirke
  1474 | D        | Noticed a skeletal warrior
  1484 | D        | Received a gift from Trog
  1493 | D        | Killed Kirke
  1497 | D        | Noticed an ice dragon
  1499 | D        | Killed a skeletal warrior
  1513 | D        | Killed an ice dragon
  1514 | D        | Reached skill level 15 in Fighting
  1515 | D        | Noticed a centaur warrior
  1526 | D        | Received a gift from Trog
  1531 | D        | Killed a centaur warrior
  1532 | D        | Noticed a yaktaur captain
  1543 | D        | Killed a yaktaur captain
  1547 | D        | Gained mutation: You do not regenerate when monsters are
                  | visible. [mutagenic glow]
  1585 | D        | Noticed a death yak
  1601 | D        | Killed a death yak
  1601 | D        | Received a gift from Trog
  1606 | D        | Reached XP level 13. HP: 126/126 MP: 13/13
  1629 | D        | Found Hyqem's Jewellery Emporium.
  1629 | D        | Found Ijaackel's Armour Shop.
  1629 | D        | Found Inud's Jewellery Shop.
  1629 | D        | Found Vedwaacu's Magic Scroll Shoppe.
  1629 | D        | Found Jisabab's Assorted Antiques.
  1630 | D        | Found Xuvveqir's General Store.
  1630 | D        | Found Kesuewn's Magic Scroll Boutique.
  1630 | D        | Found Agonepem's Armour Emporium.
  1630 | D        | Found Sevvy's Magic Scroll Shop.
  1630 | D        | Found Ceor's Book Emporium.
  1630 | D        | Found Deysiq's Distillery.
  1630 | D        | Found Ciozilylai's Antique Armour Shoppe.
  1660 | D        | Bought a scroll of acquirement for 572 gold pieces
  1660 | D        | Acquired 425 gold pieces
  1665 | D        | Bought a potion of heal wounds for 120 gold pieces
  1665 | D        | Bought a potion of heal wounds for 120 gold pieces
  1666 | D        | Bought a scroll of blinking for 90 gold pieces
  1666 | D        | Bought a scroll of blinking for 90 gold pieces
  1669 | D        | Bought a scroll of blinking for 105 gold pieces
  1671 | D        | Bought a potion of haste for 110 gold pieces
  1671 | D        | Bought a potion of haste for 110 gold pieces
  1673 | D        | Bought a potion of mutation for 88 gold pieces
  1673 | D        | Lost mutation: You do not regenerate when monsters are
                  | visible. [potion of mutation]
  1673 | D        | Lost mutation: You are weak. (Str -2) [potion of mutation]
  1673 | D        | Gained mutation: Your movements are slightly less
                  | encumbered by armour. (ER -2) [potion of mutation]
  1700 | D        | Noticed a storm dragon
  1709 | D        | Killed a storm dragon
  1718 | D        | Found Pikawu's Armour Boutique.
  1718 | D        | Found Ussoqow's Distillery.
  1718 | D        | Found Lajeater's Antique Weapon Shop.
  1718 | D        | Found Ettil's Magic Scroll Boutique.
  1718 | D        | Noticed a golden dragon
  1726 | D        | Killed a golden dragon
  1735 | D        | Bought a +0 cloak for 58 gold pieces
  1745 | D        | Bought a scroll of blinking for 82 gold pieces
  1745 | D        | Bought a scroll of blinking for 82 gold pieces
  1965 | D        | Noticed Gastronok
  1971 | D        | Killed Gastronok
  1984 | D        | Noticed a dire elephant
  1989 | D        | Killed a dire elephant
  1989 | D        | Identified the +6 scimitar "Kaomoghi" {vorpal, rF++ Str-4}
                  | (Trog gifted it to you in the Dungeon)
  1989 | D        | Received a gift from Trog
  1998 | D        | Reached skill level 27 in Unarmed Combat
  2001 | D        | Found the +5 glaive of the Guard {elec, spectral, AC+5}
  2043 | D        | Reached XP level 14. HP: 138/140 MP: 14/14
  2044 | D        | Reached XP level 15. HP: 146/148 MP: 15/15
  2070 | D        | Found Naziuhow's Armour Emporium.
  2073 | D        | Found Netap's Book Shop.
  2074 | D        | Noticed Nessos
  2089 | D        | Killed Nessos
  2102 | D        | Bought a +2 cloak of stealth for 279 gold pieces
  2192 | D        | Noticed a deep elf blademaster
  2204 | D        | Killed a deep elf blademaster
  2220 | D        | Received a gift from Trog
  2263 | D        | Gained mutation: You occasionally lose the ability to read
                  | scrolls when taking damage. [a shining eye]
  2266 | D        | Paralysed by a floating eye for 3 turns
  2266 | D        | Gained mutation: Your body sometimes deteriorates upon
                  | taking damage. [a shining eye]
  2268 | D        | Gained mutation: You are dopey. (Int -2) [a shining eye]
  2268 | D        | Gained mutation: Your magical capacity is low. (-10% MP) [a
                  | shining eye]
  2271 | D        | Identified the +8 rapier "Sad Zepy" {flame, rN+} (Trog
                  | gifted it to you in the Dungeon)
  2271 | D        | Received a gift from Trog
  2273 | D        | Gained mutation: You have hidden genetic defects. [a
                  | shining eye]
  2273 | D        | Gained mutation: You sometimes lose your temper in combat.
                  | [a shining eye]
  2278 | D        | Paralysed by a floating eye for 2 turns
  2278 | D        | Received a gift from Trog
  2280 | D        | Reached XP level 16. HP: 166/166 MP: 14/14
  2313 | D        | Lost mutation: Your movements are slightly less encumbered
                  | by armour. (ER -2) [potion of mutation]
  2313 | D        | Lost mutation: Your magical capacity is low. (-10% MP)
                  | [potion of mutation]
  2313 | D        | Lost mutation: You are dopey. (Int -2) [potion of mutation]
  2313 | D        | Gained mutation: Armour fits poorly on your strangely
                  | shaped body. [potion of mutation]
  2314 | D        | Lost mutation: You sometimes lose your temper in combat.
                  | [potion of mutation]
  2314 | D        | Lost mutation: Your spells are a little easier to cast, but
                  | a little less powerful. [potion of mutation]
  2314 | D        | Lost mutation: Your body sometimes deteriorates upon taking
                  | damage. [potion of mutation]
  2315 | D        | Lost mutation: Armour fits poorly on your strangely shaped
                  | body. [potion of mutation]
  2315 | D        | Lost mutation: You have hidden genetic defects. [potion of
                  | mutation]
  2315 | D        | Gained mutation: You possess an exceptional clarity of
                  | mind. [potion of mutation]
  2315 | D        | Gained mutation: Your spells are a little harder to cast,
                  | but a little more powerful. [potion of mutation]
  2316 | D        | Lost mutation: Your spells are a little harder to cast, but
                  | a little more powerful. [potion of mutation]
  2316 | D        | Lost mutation: You possess an exceptional clarity of mind.
                  | [potion of mutation]
  2316 | D        | Lost mutation: You occasionally lose the ability to read
                  | scrolls when taking damage. [potion of mutation]
  2316 | D        | Gained mutation: You sometimes lose your temper in combat.
                  | [potion of mutation]
  2316 | D        | Gained mutation: You are somewhat resistant to further
                  | mutation. [potion of mutation]
  2316 | D        | Gained mutation: You passively map a small area around you.
                  | [potion of mutation]
  2317 | D        | Lost mutation: You passively map a small area around you.
                  | [potion of mutation]
  2317 | D        | Lost mutation: You are somewhat resistant to further
                  | mutation. [potion of mutation]
  2317 | D        | Gained mutation: Your mind is acute. (Int +4, Str/Dex -1)
                  | [potion of mutation]
  2317 | D        | Gained mutation: Your body sometimes deteriorates upon
                  | taking damage. [potion of mutation]
  2317 | D        | Lost mutation: Your body sometimes deteriorates upon taking
                  | damage. [potion of mutation]
  2317 | D        | Gained mutation: Your system is resistant to poisons.
                  | (rPois) [potion of mutation]
  2318 | D        | Lost mutation: Your mind is acute. (Int +4, Str/Dex -1)
                  | [potion of mutation]
  2318 | D        | Lost mutation: You sometimes lose your temper in combat.
                  | [potion of mutation]
  2318 | D        | Gained mutation: Armour fits poorly on your strangely
                  | shaped body. [potion of mutation]
  2318 | D        | Gained mutation: You do not regenerate when monsters are
                  | visible. [potion of mutation]
  2319 | D        | Lost mutation: Armour fits poorly on your strangely shaped
                  | body. [potion of mutation]
  2319 | D        | Lost mutation: Your system is resistant to poisons. (rPois)
                  | [potion of mutation]
  2319 | D        | Lost mutation: You do not regenerate when monsters are
                  | visible. [potion of mutation]
  2319 | D        | Gained mutation: You occasionally lose the ability to read
                  | scrolls when taking damage. [potion of mutation]
  2319 | D        | Gained mutation: You are strong-willed. (Will+) [potion of
                  | mutation]
  2320 | D        | Lost mutation: You occasionally lose the ability to read
                  | scrolls when taking damage. [potion of mutation]
  2320 | D        | Lost mutation: You are strong-willed. (Will+) [potion of
                  | mutation]
  2320 | D        | Gained mutation: You are robust. (+10% HP) [potion of
                  | mutation]
  2320 | D        | Gained mutation: You are partially covered in iridescent
                  | scales. (AC +2) [potion of mutation]
  2320 | D        | Gained mutation: You have sharp fingernails. [potion of
                  | mutation]
  2327 | D        | Noticed a quicksilver dragon
  2332 | D        | Killed a quicksilver dragon
  2342 | D        | Noticed a quicksilver dragon
  2348 | D        | Killed a quicksilver dragon
  2348 | D        | Received a gift from Trog
  2349 | D        | Reached skill level 27 in Fighting
  2400 | D        | Noticed a quicksilver dragon
  2405 | D        | Killed a quicksilver dragon
  2426 | D        | Noticed Murray
  2438 | D        | Killed Murray
  2439 | D        | Reached skill level 15 in Armour
  2514 | D        | Noticed Sonja
  2514 | D        | Noticed a hellephant
  2520 | D        | Killed Sonja
  2530 | D        | Killed a hellephant
  2539 | D        | Received a gift from Trog
  2569 | D        | Killed a kraken
  2698 | D        | Received a gift from Trog
  2701 | D        | Noticed a deep elf master archer
  2728 | D        | Killed a deep elf master archer
  2763 | D        | Found the +5 demon whip "Spellbinder" {antimagic, Will+}
  2783 | D        | Received a gift from Trog
  2797 | D        | Acquired the ring "Razeesh" {Int+6 Dex+4 Stlth+}
  2798 | D        | Acquired 446 gold pieces
  2800 | D        | Identified the amulet "Huryfrer" {rF+ Regen+ rCorr}
  2816 | D        | Noticed an electric golem
  2856 | D        | Reached XP level 17. HP: 92/191 MP: 17/17
  2937 | D        | Killed an electric golem
  3053 | D        | Noticed a bone dragon
  3053 | D        | Noticed a storm dragon
  3064 | D        | Killed a storm dragon
  3073 | D        | Killed a bone dragon
  3074 | D        | Noticed a golden dragon
  3090 | D        | Killed a golden dragon
  3090 | D        | Received a gift from Trog
  3166 | D        | Noticed Gloorx Vloq
  3166 | D        | Noticed a curse toe
  3166 | D        | Noticed a royal mummy
  3167 | D        | Noticed an Executioner
  3167 | D        | Noticed an Executioner
  3167 | D        | Noticed an Executioner
  3204 | D        | Noticed an Executioner
  3204 | D        | Noticed an Executioner
  3213 | D        | HP: 14/286 [Gloorx Vloq/poison arrow (15)]
  3214 | D        | Killed from afar by Gloorx Vloq

Illustrated notes

Levels and vault maps discovered:
D:        the_violet_keep_of_menkaure [sprint2_stairs_cluster_1,
          sprint2_shoproom, sprint2_temple, sprint2_basic_supplies,
          sprint2_obstacle_6, sprint2_obstacle_3, sprint2_obstacle_4,
          sprint2_obstacle_2, sprint2_obstacle_5, sprint2_timed_cluster_1,
          sprint2_smallroom_cluster_1, sprint2_smallroom_final_cluster_1,
          sprint2_transparent_cluster_1, sprint2_second_timed_cluster_1,
          sprint2_sniper_area_1, sprint2_heavy_combat_area_1,
          sprint2_mutation_trap_area_1, sprint2_forest_area_1,
          sprint2_light_combat_area_1, sprint2_behind_water_1,
          sprint2_near_end_vault_1]

Skill      XL: |  1  2  3  4  5  6  7  8  9 10 11 12 13 14 15 16 17 |
---------------+----------------------------------------------------+-----
Fighting       | 5 7 8 9 11 12 19 22 26 27 | 27.0
Unarmed Combat | 5 7 9 10 12 14 15 19 23 24 27 | 27.0
Armour         | 10 11 21 23 | 23.9
Dodging        | |  2.0

Action                   |  1- 3 |  4- 6 |  7- 9 | 10-12 | 13-15 | 16-18 || total
-------------------------+-------+-------+-------+-------+-------+-------++-------
Melee: Unarmed           |     2 |    26 |    83 |   141 |    91 |   196 ||   539
       Punch             |       |     1 |     6 |    32 |    20 |    42 ||   101
Invok: Berserk           |     1 |     1 |     3 |     6 |     6 |     5 ||    22
       Trog's Hand       |       |     1 |     6 |    10 |     6 |    16 ||    39
       Brothers in Arms  |       |       |       |     3 |     7 |     5 ||    15
  Use: Potion            |       |     2 |       |     3 |     3 |    13 ||    21
       Scroll            |       |       |     1 |    16 |     5 |     7 ||    29
Armor: Animal skin       |       |     1 |     3 |       |       |       ||     4
       Chain mail        |       |       |    28 |    32 |       |       ||    60
       Crystal plate arm |       |       |       |    37 |   127 |   192 ||   356
Dodge: Dodged            |       |    16 |    20 |    17 |    23 |    77 ||   153

Table legend: (Time is in decaauts)
 A = Elapsed time spent in this place.
 B = Non-inter-level travel time spent in this place.
 C = Inter-level travel time spent in this place.
 D = Time resting spent in this place.
 E = Time spent auto-exploring this place.
 F = Levels seen in this place.
 G = Mean time per level.
                   A        B        C        D        E       F      G
               +--------+--------+--------+--------+--------+-----+--------+
         Total |   3198 |   3198 |      0 |    791 |    134 |   1 | 3198.0 |
       Dungeon |   3198 |   3198 |      0 |    791 |    134 |   1 | 3198.0 |
               +--------+--------+--------+--------+--------+-----+--------+

Top non-repeatable levels by time:
       D: 3198 daAuts
